 Dungeon Crawl Stone Soup version 0.29.1-1-gd02db6906a (webtiles) character file.

Game seed: 7961041715708667676

388791 EvilAshe the Warrior (level 23, -12/136 HPs)
             Began as a Vine Stalker Berserker on Sept 30, 2022.
             Was a High Priest of Trog.
             Mangled by a caustic shrike simulacrum (13 damage)
             ... animated by a necromancer
             ... on level 4 of the Depths on Oct 1, 2022.
             The game lasted 02:33:29 (46691 turns).

EvilAshe the Warrior (Vine Stalker Berserker)      Turns: 46691, Time: 02:33:29

Health: -12/136    AC: 20    Str: 33    XL:     23   Next: 5%
Magic:  0/24       EV: 15    Int: 10    God:    Trog [*****.]
Gold:   4017       SH: 18    Dex: 15    Spells: 22/22 levels left

rFire   + . .      SeeInvis +   v - +6 demon trident (drain)
rCold   + + .      Faith    .   b - +0 tower shield
rNeg    + . .      Spirit   +   z - +3 plate armour of Xaxuunt {Rampage rElec SInv}
rPois   .          Reflect  .   n - +1 helmet {Int+3}
rElec   +          Harm     .   Y - scarf {rC+ rF+}
rCorr   .          Rampage  +   t - +1 pair of gloves {hurl}
Will    ++...                   X - +2 pair of boots {Stlth+}
Stlth   ..........              (no amulet)
HPRegen 1.12/turn               H - ring of the Octopus King {rC+ HP+2 AC+2 EV+2 SH+2}
MPRegen 0.19/turn               a - ring of the Lich-sworn {+Blink rN+ Str+3}

@: corroded, on berserk cooldown, slowed, very slow
A: fangs 3, regeneration 1, magic shield, antimagic bite, no potion heal 2
}: 2/15 runes: barnacled, gossamer
a: Renounce Religion, Evoke Blink, Berserk, Trog's Hand, Brothers in Arms


You were on level 4 of the Depths.
You worshipped Trog.
Trog was extremely pleased with you.
You visited 7 branches of the dungeon, and saw 37 of its levels.
You also visited: Ice Cave.

You collected 4591 gold pieces.
You spent 574 gold pieces at shops.

Inventory:

Hand Weapons
 v - a +6 demon trident of draining (weapon)
Missiles
 k - 38 poisoned darts (quivered)
 u - 3 throwing nets
 G - 32 boomerangs
 J - 3 curare-tipped darts
Armour
 b - a +0 tower shield (worn)
 n - a +1 helmet of intelligence (worn)
 t - a +1 pair of gloves of hurling (worn)
 z - the +3 plate armour of Xaxuunt (worn) {Rampage rElec SInv}
   (You found it on level 7 of the Dungeon)

   rElec:     It insulates you from electricity.
   SInv:      It lets you see invisible.
   Rampage:   It bestows one free step when moving towards enemies.
 X - a +2 pair of boots of stealth (worn)
 Y - a scarf of resistance (worn)
Jewellery
 a - the ring of the Lich-sworn (right hand) {+Blink rN+ Str+3}
   (You found it in an ice cave)

   [ring of positive energy]

   Str:       It affects your strength (+3).
   rN:        It protects you from negative energy.
   +Blink:    It lets you blink.
 i - a ring of positive energy
 o - a ring of resist corrosion
 q - a ring of willpower
 x - a ring of see invisible
 D - a ring of poison resistance
 H - a ring of the Octopus King (left hand) {rC+ HP+2 AC+2 EV+2 SH+2}
   (You acquired it on level 3 of the Spider Nest)

   [ring of protection from cold]

   AC:        It affects your AC (+2).
   EV:        It affects your evasion (+2).
   rC:        It protects you from cold.
   HP:        It affects your health (+2).
   SH:        It affects your SH (+2).
 K - a ring of positive energy
Wands
 w - a wand of flame (110)
 y - a wand of iceblast (17)
 F - a wand of polymorph (18)
 N - a wand of mindburst (16)
 T - a wand of paralysis (20)
 V - a wand of digging (8)
Scrolls
 g - 6 scrolls of enchant armour
 j - 9 scrolls of vulnerability
 m - 8 scrolls of teleportation
 A - 8 scrolls of fog
 C - 3 scrolls of magic mapping
 L - 7 scrolls of blinking
 M - 6 scrolls of fear
 U - 2 scrolls of summoning
Potions
 c - 8 potions of haste
 d - a potion of berserk rage
 e - 13 potions of flight
 f - 8 potions of might
 l - 3 potions of cancellation
 p - 13 potions of curing
 r - 5 potions of invisibility
 s - 8 potions of mutation
 I - 3 potions of magic
 O - 9 potions of attraction
 Q - 11 potions of ambrosia
 R - 2 potions of resistance
Miscellaneous
 h - a phantom mirror
 B - a box of beasts
 E - a tin of tremorstones (2/2)


   Skills:
 + Level 18.5 Fighting
 - Level 3.8 Maces & Flails
 - Level 14.0 Polearms
 + Level 18.0 Armour
 + Level 15.1 Dodging
 + Level 10.5 Shields
 - Level 14.1 Evocations


You had 22 spell levels left.
You didn't know any spells.
Your spell library contained the following spells:

 Spells                   Type           Power      Damage    Failure   Level
 Ignite Poison            Fire/Tmut/Pois 0%         N/A       100%        3
 Mephitic Cloud           Conj/Pois/Air  0%         N/A       100%        3
 Freezing Cloud           Conj/Ice/Air   0%         6-21      100%        5


Dungeon Overview and Level Annotations

Branches:
Dungeon (15/15)            Temple (0/1) D:5            Lair (4/5) D:11
 Shoals (4/4) Lair:3       Spider (4/4) Lair:2          Orc (2/2) D:10
    Elf (0/3) Orc:2        Vaults (4/5) D:13          Crypt (0/3) Vaults:2
 Depths (4/4) D:15          IceCv (visited)
  Slime: Lair:4-5       Zot: Depths:4

Altars:
Ashenzari
Cheibriados
Dithmenos
Gozag
Hepliaklqana
Makhleb
Ru
Trog
Uskayaw
Wu Jian
Xom

Shops:
D:11 (   Orc:2 :*?*!   Vaults:1 !   Depths:3 =*

Portals:
Hell: Depths:1 Depths:2 Depths:3
Abyss: Depths:2 Depths:3
Pandemonium: Depths:2
Ziggurat: Depths:2

Annotations:
D:4 2 transporters
Vaults:3 3 runed translucent doors, Getoffmy's ghost, veteran GrFi
Depths:2 1 runed translucent door
Depths:4 Josephina


Innate Abilities, Weirdness & Mutations

You have razor-sharp teeth.
Your natural rate of healing is unusually fast.
When hurt, damage is shared between your health and your magic reserves.
Your bite disrupts and absorbs the magic of your enemies.
Potions cannot restore your health.


Message History

The necromancer gestures at you while chanting.
You resist with almost no effort.
You puncture the necromancer! You bite the necromancer!
You kill the necromancer!
Trog accepts your kill.
Trog appreciates your killing of a magic user.
You block the hell knight's attack.
The caustic shrike simulacrum claws you!
The caustic shrike simulacrum freezes you!
You resist.
You puncture the hell knight! You bite the hell knight! You drain its power.
You feel invigorated.
The hell knight is moderately wounded.
You block the caustic shrike simulacrum's attack.
The hell knight closely misses you.
You barely miss the hell knight. You bite the hell knight! You drain its power.
You feel invigorated.
The hell knight is heavily wounded.
You are no longer berserk.
You are exhausted.
You feel yourself slow down.
The caustic shrike simulacrum claws you but does no damage.
You block the hell knight's attack.
You barely miss the hell knight. You bite the hell knight! You drain its power.
You feel invigorated.
The hell knight is severely wounded.
The caustic shrike simulacrum claws you!!
* * * LOW HITPOINT WARNING * * *
The caustic shrike simulacrum freezes you!
You resist.
* * * LOW HITPOINT WARNING * * *
The hell knight hits you with a +0 scimitar of pain!!
* * * LOW HITPOINT WARNING * * *
You writhe in agony.
* * * LOW HITPOINT WARNING * * *
The caustic shrike simulacrum claws you!
* * * LOW HITPOINT WARNING * * *
The caustic shrike simulacrum freezes you!
You resist.
You die...

. #b #. #. #.. #.
..##. ... #.## #
#.## #. ##)### #.#
#.@p.##
#...##Z..#####
##.###.##...[#
#.#.....#.####
#####.###..#.).####
##....###.#.######.#
#.##...##)#.###.†.##
#####....##.#..#.##
#....##..###.##


You could see a hell knight (fast, soul bound) and a caustic shrike simulacrum.

Vanquished Creatures
  Boris (Depths:4)
  3 caustic shrikes (Depths:4)
  Jory (Vaults:3)
  the Enchantress (Depths:2)
  A tentacled monstrosity (Depths:4)
  2 liches
  4 sphinxes
  The ghost of Quercus the Ruinous, an adept DECj of Vehumet (Shoals:4)
  Gastronok (Lair:1)
  A shadow dragon (Vaults:2)
  2 tengu reavers
  7 fire giants
  5 frost giants
  12 vault wardens
  An orc warlord (Vaults:3)
  Aizul (Vaults:3)
  Louise (Depths:2)
  5 emperor scorpions
  5 ghost moths
  18 ironbound preservers
  A broodmother (Spider:4)
  3 spriggan defenders (Depths:2)
  24 very ugly things
  9 ironbound thunderhulks
  A war gargoyle (Vaults:4)
  4 stone giants
  3 vampire knights
  13 dire elephants
  5 entropy weavers
  9 spark wasps
  8 ettins
  2 crystal guardians
  7 great orbs of eyes
  8 merfolk javelineers
  8 fire dragons
  3 yaktaur captains
  3 jiangshi (Depths:1)
  4 boulder beetles
  9 merfolk impalers
  20 vault guards
  7 ice dragons
  A peacekeeper (Vaults:3)
  2 caustic shrike simulacra (IceCv)
  9 hydras
  4 rakshasas
  3 jorogumos
  A spriggan air mage (Depths:2)
  11 ironbound frosthearts
  A catoblepas (D:13)
  11 two-headed ogres
  2 radroaches
  20 centaur warriors
  The ghost of Garym the Cleaver, a novice MiBe of Trog (D:8)
  Erica (Lair:1)
  2 satyrs
  4 ogre magi
  5 merfolk avatars
  A death knight (D:15)
  6 death yaks (Lair:4)
  7 tengu warriors
  10 merfolk aquamancers
  3 deep troll earth magi
  5 deep troll shamans
  A vampire mage (Depths:1)
  10 hell knights
  5 spriggan berserkers
  7 skeletal warriors
  4 iron trolls
  4 pharaoh ants
  19 sea snakes
  16 orb spiders
  2 sun moths
  58 deep trolls
  6 bog bodies
  2 spriggan simulacra (IceCv)
  4 steelbarb worms
  An obsidian statue (IceCv)
  A golden dragon skeleton (Depths:1)
  2 glowing orange brains (Vaults:2)
  A flayed ghost (Depths:2)
  21 ironbound convokers
  7 wizards
  Pikel (D:9)
  5 necromancers
  16 harpies
  2 deep elf pyromancers
  9 lindwurms
  4 orc knights
  An iron dragon zombie (Depths:1)
  3 orc sorcerers
  46 ugly things
  A tengu skeleton (Vaults:2)
  A salamander (shapeshifter) (D:14)
  16 wolf spiders
  8 cyclopes
  7 fauns
  13 manticores
  A sphinx skeleton (Vaults:2)
  2 stone giant skeletons
  9 centaur zombies (D:11)
  A black mamba (Lair:1)
  3 moths of wrath
  18 vault sentinels
  A frost giant skeleton (Vaults:2)
  An ice statue (Shoals:1)
  3 torpor snails
  A water nymph (Shoals:4)
  6 merfolk sirens
  10 elephants
  A gargoyle (D:11)
  2 cane toads (Lair:1)
  2 unseen horrors (D:11)
  A torpor snail (shapeshifter) (Depths:2)
  A rime drake (shapeshifter) (D:13)
  4 demonic crawlers
  5 tengu conjurers
  11 yaktaurs
  A kobold demonologist (D:11)
  3 anaconda simulacra (IceCv)
  5 komodo dragons
  2 komodo dragons (shapeshifter)
  17 freezing wraiths
  A human skeleton (Vaults:2)
  A golden dragon simulacrum (IceCv)
  An ice devil (IceCv)
  16 merfolk
  2 polar bears
  18 trolls
  A wolf spider simulacrum (D:14)
  A meliai (D:15)
  Grinder (D:3)
  7 wind drakes
  25 tarantellas
  10 hornets
  10 blink frogs
  27 slime creatures
  3 snapping turtles
  A spriggan zombie (Depths:1)
  5 dream sheep (Lair:4)
  35 jumping spiders
  3 meliai zombies (D:11)
  18 culicivoras
  2 elf skeletons (Vaults:2)
  An ettin skeleton (Vaults:2)
  61 yaks
  13 water elementals
  4 wyverns
  15 spriggans
  6 shadows
  7 wraiths
  A culicivora (shapeshifter) (D:13)
  2 dire elephant simulacra (IceCv)
  5 vampires
  4 humans
  Grum (D:10)
  3 basilisks
  3 hogs (D:10)
  57 redbacks
  2 steam dragons
  7 vampire mosquitoes
  3 minotaur simulacra (IceCv)
  4 wargs
  4 harpy simulacra
  2 acid dragons
  8 water moccasins
  2 hydra simulacra (IceCv)
  3 ice beasts
  2 sky beasts (D:8)
  32 orc warriors
  An alligator simulacrum (IceCv)
  2 wolves (D:10)
  2 ettin simulacra (IceCv)
  2 black bears (D:6)
  9 centaurs
  7 boggarts
  30 ogres
  2 lemures (D:9)
  8 kobold brigands
  5 bullfrogs
  5 scorpions
  5 gnoll sergeants
  A hornet simulacrum (D:15)
  7 killer bees
  3 lindwurm simulacra (IceCv)
  3 electric eels
  A vampire bat (Orc:1)
  4 howler monkeys
  3 lava snakes (D:10)
  Crazy Yiuf (D:2)
  A gnoll bouda (D:4)
  A jelly (D:7)
  12 orc priests
  4 hounds
  Jessica (D:3)
  3 iguanas
  Terence (D:2)
  Ijyb (D:3)
  15 orc wizards
  16 hell rats
  10 gnolls
  4 adders
  A shadow imp (D:5)
  A white imp (D:7)
  2 worms
  2 dart slugs
  49 orcs
  5 ball pythons
  11 bats
  2 endoplasms (D:1)
  2 giant cockroaches
  4 hobgoblins
  10 jackals
  21 kobolds
  4 quokkas
  2 frilled lizards (D:1)
  6 goblins
  3 rats
1484 creatures vanquished.

Vanquished Creatures (collateral kills)
  Saint Roka (Vaults:4)
  An ironbound preserver (Vaults:4)
  A peacekeeper (Vaults:4)
  2 vault guards (Vaults:4)
  2 merfolk avatars (Shoals:4)
  A merfolk aquamancer (Shoals:4)
  3 skeletal warriors (Vaults:2)
  3 hell knights
  2 deep trolls (Vaults:4)
  An ironbound convoker (Vaults:4)
  4 manticores (Shoals:4)
  A vault sentinel (Vaults:4)
  A freezing wraith (IceCv)
  An anaconda simulacrum (IceCv)
  A yaktaur skeleton (Vaults:2)
  3 merfolk (Shoals:4)
  A hornet (Spider:4)
  A warg (Vaults:4)
  2 glowing shapeshifter skeletons (Vaults:2)
  2 orc warriors (Vaults:4)
  2 orcs (Vaults:4)
36 creatures vanquished.

Vanquished Creatures (others)
  A pharaoh ant (Spider:4)
  A golden dragon simulacrum (Depths:4)
  An iron dragon simulacrum (Depths:4)
  A redback (Spider:2)
  A glowing shapeshifter simulacrum (Depths:4)
  An orc priest (Orc:1)
  An orc wizard (Orc:1)
  An orc (Orc:1)
  2 fungi (Lair:4)
  93 plants
  6 withered plants (D:11)
109 creatures vanquished.

Grand Total: 1629 creatures vanquished

Notes
Turn   | Place    | Note
-------+----------+-------------------------------------------
     0 | D:1      | EvilAshe the Vine Stalker Berserker began the quest for the
                  | Orb.
     0 | D:1      | Reached XP level 1. HP: 11/11 MP: 2/2
   135 | D:1      | Reached XP level 2. HP: 3/16 MP: 1/3
   600 | D:1      | Reached XP level 3. HP: 19/19 MP: 4/4
  1095 | D:2      | Noticed Terence
  1196 | D:2      | Noticed a scorpion
  1200 | D:2      | Killed a scorpion
  1201 | D:2      | Reached skill level 1 in Polearms
  1201 | D:2      | Reached skill level 1 in Shields
  1201 | D:2      | Gained mutation: Your natural rate of healing is unusually
                  | fast. [Vine Stalker growth]
  1201 | D:2      | Reached XP level 4. HP: 23/23 MP: 5/5
  1403 | D:2      | Found a runed translucent door.
  1404 | D:2      | Noticed Crazy Yiuf
  1429 | D:2      | Found a snail-covered altar of Cheibriados.
  1512 | D:2      | Reached ** piety under Trog
  1666 | D:2      | Killed Terence
  1667 | D:2      | Reached XP level 5. HP: 27/27 MP: 4/6
  1911 | D:2      | Killed Crazy Yiuf
  2106 | D:3      | Noticed Jessica
  2112 | D:3      | Killed Jessica
  2224 | D:3      | Noticed Grinder
  2246 | D:3      | Killed Grinder
  2247 | D:3      | Reached XP level 6. HP: 32/32 MP: 7/7
  2683 | D:3      | Noticed Ijyb
  2691 | D:3      | Killed Ijyb
  2692 | D:3      | Reached XP level 7. HP: 35/35 MP: 6/8
  2943 | D:4      | Found a transporter.
  2949 | D:4      | Noticed a kobold demonologist
  3313 | D:4      | Found a transporter.
  3783 | D:5      | Entered Level 5 of the Dungeon
  3892 | D:5      | Reached skill level 5 in Polearms
  4091 | D:5      | Gained mutation: You have razor-sharp teeth. [Vine Stalker
                  | growth]
  4091 | D:5      | Reached XP level 8. HP: 37/39 MP: 7/9
  4131 | D:5      | Found a burning altar of Makhleb.
  4161 | D:5      | Found a staircase to the Ecumenical Temple.
  4194 | D:5      | Reached *** piety under Trog
  4212 | D:5      | Found a hazy altar of Hepliaklqana.
  4213 | D:5      | Found a shadowy altar of Dithmenos.
  4213 | D:5      | Noticed a shadow
  4634 | D:6      | Noticed a wyvern
  4644 | D:6      | Killed a wyvern
  4762 | D:6      | Reached XP level 9. HP: 20/43 MP: 5/10
  5128 | D:7      | Identified the +3 plate armour of Xaxuunt {Rampage rElec
                  | SInv}
  5434 | D:7      | Reached skill level 5 in Shields
  5499 | D:7      | Reached skill level 5 in Armour
  5754 | D:7      | Found a bloodstained altar of Trog.
  6151 | D:8      | Found a shimmering altar of Xom.
  6495 | D:8      | Noticed a two-headed ogre
  6861 | D:8      | Identified the +5 scale mail of Romujul {Int+5}
  7049 | D:8      | Reached **** piety under Trog
  7116 | D:8      | Killed a two-headed ogre
  7117 | D:8      | Reached XP level 10. HP: 47/47 MP: 11/11
  7384 | D:9      | Found a runed translucent gate.
  7384 | D:9      | Found a runed translucent gate.
  7385 | D:9      | Found a runed translucent gate.
  7385 | D:9      | Noticed Garym's ghost (novice MiBe)
  7385 | D:9      | Noticed Pikel
  7405 | D:9      | Killed Pikel
  7481 | D:8      | Reached skill level 10 in Polearms
  7575 | D:9      | Identified the +1 plate armour of Etoiteyff {rPois rC-
                  | Str+2 Dex+8}
  7628 | D:9      | You fall into a shaft and drop 2 floors!
  7660 | D:11     | Noticed a kobold demonologist
  7680 | D:11     | Killed a kobold demonologist
  7760 | D:11     | Reached XP level 11. HP: 41/53 MP: 12/12
  7790 | D:10     | Entered Level 10 of the Dungeon
  7809 | D:10     | Found an opulent altar of Gozag.
  7832 | D:10     | Found a staircase to the Orcish Mines.
  8098 | D:10     | Noticed Grum
  8160 | D:10     | Killed Grum
  8320 | D:9      | Found a broken altar of Ashenzari.
  8327 | D:9      | Noticed a manticore
  8334 | D:9      | Killed a manticore
  8335 | D:9      | Reached skill level 5 in Fighting
  8350 | D:9      | Reached ***** piety under Trog
  8664 | D:9      | Paralysed by a hornet for 3 turns
  8669 | D:9      | Noticed a centaur warrior
  8681 | D:9      | Killed a centaur warrior
  8741 | D:9      | Noticed a cyclops
  8773 | D:9      | Killed a cyclops
  8774 | D:9      | Reached XP level 12. HP: 59/60 MP: 13/13
  9039 | D:10     | Found a hide-covered altar of Uskayaw.
  9659 | D:10     | Received a gift from Trog
  9719 | D:10     | Found an ornate altar of the Wu Jian Council.
  9771 | D:10     | Found a sacrificial altar of Ru.
 10237 | D:11     | Noticed an eight-headed hydra
 10263 | D:11     | Killed an eight-headed hydra
 10264 | D:11     | Reached skill level 1 in Evocations
 10711 | D:11     | Reached XP level 13. HP: 67/67 MP: 14/14
 10749 | D:11     | Found a staircase to the Lair.
 10959 | D:11     | Found Keacipn's Hydra Hut.
 11651 | D:12     | Reached skill level 10 in Armour
 12065 | Lair:1   | Entered Level 1 of the Lair of Beasts
 12107 | Lair:1   | Noticed Gastronok
 12122 | Lair:1   | Killed Gastronok
 12123 | Lair:1   | Reached skill level 5 in Evocations
 12302 | Lair:1   | Received a gift from Trog
 12486 | Lair:1   | Noticed Erica
 12493 | Lair:1   | Killed Erica
 13242 | Lair:2   | Found a bloodstained altar of Trog.
 13456 | Lair:2   | Found a hole to the Spider Nest.
 13776 | Lair:2   | Reached XP level 14. HP: 75/75 MP: 15/15
 14405 | Lair:3   | Found a staircase to the Shoals.
 15219 | Lair:4   | Received a gift from Trog
 15385 | Lair:4   | Reached skill level 10 in Fighting
 16294 | D:13     | Found a gate to the Vaults.
 16719 | D:13     | Received a gift from Trog
 17007 | D:13     | Reached XP level 15. HP: 74/81 MP: 16/16
 17258 | D:13     | Reached skill level 5 in Dodging
 17834 | D:14     | Identified the +1 robe "Yrrikka" {Harm +Inv rF+++ Dex-5}
 18141 | D:8      | Killed Garym's ghost
 18498 | Spider:1 | Entered Level 1 of the Spider Nest
 18773 | Spider:1 | Identified the +7 halberd "Esebanil" {flame, Fly} (Trog
                  | gifted it to you on level 1 of the Spider Nest)
 18773 | Spider:1 | Received a gift from Trog
 19760 | Spider:2 | Reached XP level 16. HP: 74/88 MP: 15/17
 20640 | Spider:3 | Received a gift from Trog
 20848 | Spider:3 | Reached skill level 10 in Evocations
 20947 | Spider:3 | Identified a scroll of acquirement
 20948 | Spider:3 | Acquired a ring of the Octopus King {rC+ HP+2 AC+2 EV+2
                  | SH+2}
 20948 | Spider:3 | Found the ring of the Octopus King {rC+ HP+2 AC+2 EV+2
                  | SH+2}
 21657 | Spider:4 | Entered Level 4 of the Spider Nest
 23787 | Spider:4 | Reached XP level 17. HP: 94/94 MP: 16/18
 24153 | Spider:4 | Got a gossamer rune of Zot
 24624 | Shoals:1 | Entered Level 1 of the Shoals
 24771 | Shoals:1 | Found the ring of Shadows {Umbra +Inv Stlth+}
 25155 | Shoals:1 | Found a frozen archway.
 25169 | IceCv    | Entered an ice cave
 25613 | IceCv    | Found an ancient bone altar of Kikubaaqudgha.
 25636 | IceCv    | Received a gift from Trog
 26405 | IceCv    | Noticed a lich
 26412 | IceCv    | Killed a lich
 26454 | IceCv    | Identified the ring of the Lich-sworn {+Blink rN+ Str+3}
 27992 | Shoals:3 | Identified the +2 pair of boots "Wuesogg" {Int+3}
 28709 | Shoals:4 | Entered Level 4 of the Shoals
 28748 | Shoals:4 | Reached XP level 18. HP: 94/101 MP: 15/19
 28907 | Shoals:4 | Reached skill level 10 in Dodging
 30053 | Shoals:4 | Got a barnacled rune of Zot
 30255 | Shoals:4 | Found a runed translucent door.
 30255 | Shoals:4 | Noticed Quercus's ghost (adept DECj)
 30275 | Shoals:4 | Killed Quercus's ghost
 30283 | Shoals:4 | Identified the +1 plate armour of the Solstice {Int+4}
 30341 | Shoals:4 | Received a gift from Trog
 30885 | D:15     | Entered Level 15 of the Dungeon
 32363 | D:15     | Received a gift from Trog
 32364 | D:15     | Reached XP level 19. HP: 105/107 MP: 18/20
 32401 | D:15     | Reached skill level 15 in Armour
 32414 | D:15     | Found a staircase to the Depths.
 32889 | Orc:1    | Entered Level 1 of the Orcish Mines
 33039 | Orc:2    | Entered Level 2 of the Orcish Mines
 33083 | Orc:2    | Reached skill level 15 in Fighting
 33173 | Orc:2    | Received a gift from Trog
 33230 | Orc:2    | Found Duycw's Assorted Antiques.
 33240 | Orc:2    | Found Gyolosh's Assorted Antiques.
 33245 | Orc:2    | Found Ocemm's Book Boutique.
 33246 | Orc:2    | Bought a scroll of fog for 112 gold pieces
 33248 | Orc:2    | Found Punemnag's Distillery.
 33249 | Orc:2    | Found Qaeduadgh's Magic Scroll Shop.
 33256 | Orc:2    | Found a staircase to the Elven Halls.
 33282 | Orc:2    | Bought a scroll of teleportation for 36 gold pieces
 33282 | Orc:2    | Bought a scroll of fog for 48 gold pieces
 33282 | Orc:2    | Bought a scroll of blinking for 90 gold pieces
 34446 | Orc:1    | You fall into a shaft and drop 1 floor!
 34649 | Vaults:1 | Entered Level 1 of the Vaults
 34720 | D:13     | Received a gift from Trog
 35467 | Vaults:1 | Found Xosusos's Distillery.
 35795 | Vaults:1 | Received a gift from Trog
 36619 | Vaults:2 | Reached XP level 20. HP: 114/114 MP: 21/21
 37359 | Vaults:2 | Reached ****** piety under Trog
 37611 | Vaults:2 | Received a gift from Trog
 37874 | Vaults:2 | Found a staircase to the Crypt.
 38357 | Vaults:3 | Found a runed translucent gate.
 38357 | Vaults:3 | Found a runed translucent gate.
 38357 | Vaults:3 | Found a runed translucent gate.
 38422 | Vaults:3 | Received a gift from Trog
 38967 | Vaults:3 | Noticed Jory
 38980 | Vaults:3 | Killed Jory
 39133 | Vaults:3 | Reached XP level 21. HP: 121/121 MP: 22/22
 39579 | Vaults:3 | Received a gift from Trog
 39636 | Vaults:3 | Noticed Getoffmy's ghost (veteran GrFi)
 39678 | Vaults:4 | Noticed Aizul
 39697 | Vaults:3 | Killed Aizul
 40291 | Vaults:4 | Received a gift from Trog
 40711 | Vaults:4 | Noticed Saint Roka
 40724 | Vaults:4 | Killed Saint Roka
 41162 | Vaults:4 | Received a gift from Trog
 41177 | Vaults:4 | Found the +18 shield of the Gong {rElec rN+ Will+ EV-5}
 41864 | Depths:1 | Entered Level 1 of the Depths
 42221 | Depths:1 | Reached XP level 22. HP: 123/128 MP: 23/23
 42244 | Depths:1 | Found a hide-covered altar of Uskayaw.
 42928 | Depths:1 | Found a gateway to Hell.
 43555 | Depths:2 | Identified the +9 triple sword of the Distant Future {vamp,
                  | rCorr Dex+2}
 43934 | Depths:2 | Found a runed translucent door.
 43936 | Depths:2 | Noticed a juggernaut
 43936 | Depths:2 | Noticed a juggernaut
 44479 | Depths:2 | Found a one-way gateway to a ziggurat.
 44631 | Depths:2 | Found a one-way gate leading to the halls of Pandemonium.
 44631 | Depths:2 | Noticed the Enchantress
 44650 | Depths:2 | Killed the Enchantress
 44873 | Depths:2 | Noticed Louise
 44894 | Depths:2 | Killed Louise
 44895 | Depths:2 | Reached skill level 10 in Shields
 44970 | Depths:2 | Found a one-way gate to the infinite horrors of the Abyss.
 45148 | Depths:3 | Found Ivaeva Samao's Jewellery Shop.
 45472 | Depths:3 | Received a gift from Trog
 45666 | Depths:3 | Found Iroc's General Store.
 45674 | Depths:3 | Bought a scroll of fear for 48 gold pieces
 45674 | Depths:3 | Bought 2 potions of haste for 240 gold pieces
 46052 | Depths:4 | Entered Level 4 of the Depths
 46140 | Depths:4 | Identified the ring "Icyippea" {Ice rElec rN+}
 46140 | Depths:4 | Noticed Josephina
 46148 | Depths:4 | Reached skill level 15 in Dodging
 46252 | Depths:4 | Noticed Boris
 46273 | Depths:4 | Killed Boris
 46652 | Depths:4 | Noticed a caustic shrike
 46653 | Depths:4 | Noticed a caustic shrike
 46653 | Depths:4 | Noticed a caustic shrike
 46667 | Depths:4 | Killed a caustic shrike
 46668 | Depths:4 | Reached XP level 23. HP: 134/134 MP: 20/24
 46671 | Depths:4 | Killed a caustic shrike
 46683 | Depths:4 | Killed a caustic shrike
 46691 | Depths:4 | HP: 1/136 [caustic shrike simulacrum[a necromancer] (6)]
 46691 | Depths:4 | Mangled by a caustic shrike simulacrum

Illustrated notes

Levels and vault maps discovered:
D:1:      kennysheep_arrival_seaside, layout_rooms
D:2:      layout_basic, basic_altar, uniq_terence, uniq_crazy_yiuf_cottage
D:3:      layout_basic, uniq_grinder, uniq_jessica, uniq_ijyb
D:4:      gammafunk_wand_slinger, layout_loops_corners,
          hangedman_decor_clover_reticule
D:5:      layout_loops_ring, riverfiend_overflow_shadow_ancestor,
          makhleb_blood_cavern_becter, minmay_temple_entry_drinking_statues,
          serial_bayou_ford_a
D:6:      layout_rooms, serial_bayou_lagoon_a
D:7:      layout_gridville, marbit_many_paths
D:8:      layout_basic, mainiacjoe_overflow_tiny_flanked
D:9:      minmay_slanted_spiral_squares, layout_gridville,
          cheibrodos_ashenzari_chains, biasface_ghost_orc_armoury, uniq_pikel
D:10:     layout_long_grid, lemuel_tele_altar,
          mainiacjoe_overflow_catch_the_wave, lemuel_doored_altar,
          kennysheep_orc_monster_closet_entryway, grunt_livestock, uniq_grum
D:11:     minmay_polygon_palace, layout_irregular_city, david_lair_shrubbed,
          serial_undead, serial_undead_b, serial_undead_e, serial_undead_c,
          serial_undead_a, serial_undead_a, serial_undead_a, serial_undead_b,
          gauntlet_entry_generic, doesnt_shop_hydraphobe
D:12:     layout_stronghold
D:13:     minmay_skewed_foursquare, layout_irregular_city, erik_vaults_2
D:14:     kb_forest_paths, layout_gridville, minmay_statues_item, minivault_28
D:15:     grunt_enter_depths_snipers, layout_loops_corners, grunt_decor_clamped,
          minmay_librarian
Lair:1:   layout_roguey, uniq_erica, uniq_gastronok
Lair:2:   layout_gridlike, nicolae_spider_entry_tight_spaces, basic_altar
Lair:3:   layout_cave_shapes, elwin_shoals_entry_rooms,
          chequers_serial_rivers_large_a, serial_bayou_shore_b,
          lemuel_fruit_fields
Lair:4:   slaughterhouse, layout_cave_pods
Shoals:1: layout_shoals, portal_ice_cave_entry_ice_statue_one
Shoals:2: layout_shoals
Shoals:3: cheibrodos_shoals_three_sisters, layout_shoals,
          nicolae_shoals_square_sea_wall, nicolae_shoals_secluded_bog
Shoals:4: shoals_end_grunt_ice, layout_shoals, ebering_ghost_reflecting_pool
Spider:1: layout_spider_delve
Spider:2: nicolae_orb_stairs_large, nicolae_orb_stairs
Spider:3: layout_spider_delve
Spider:4: spider_rune_water
Orc:1:    layout_caves, roderic_batcave
Orc:2:    st_orc_open, layout_caves, serial_shops, shop,
          hellmonk_bongcloud_opening
Vaults:1: v_misc_24, v_misc_8, v_rooms_3, hangedman_vaults_snaps, v_misc_28,
          nicolae_vaults_inception_corners, hangedman_vaults_corner_blocks,
          nicolae_vaults_theta, vaults_mumra_chevron_long, v_misc_23,
          vaults_room_pool, grunt_vaults_bifocal, nicolae_vaults_asterisk,
          v_misc_27, vaults_room_grunt_arrival_ludios, layout_vaults_big_cross,
          serial_shops, nicolae_shop_hallway_plus
Vaults:2: v_misc_1, vaults_room_glass_cross, hangedman_vaults_unwind,
          grunt_vaults_hallway_short, grunt_vaults_hallway_long, v_misc_13,
          v_misc_8, nicolae_vaults_little_squares_1, v_misc_8,
          vaults_dpeg_spiral, ontoclasm_vaults_gateway, v_misc_31,
          ontoclasm_vaults_chip, minmay_crypt_entry_skeletal_spiral,
          vaults_room_semicircle, nicolae_vaults_yaktaur_gun_rack,
          layout_vaults_ring
Vaults:3: gammafunk_ghost_necromancy, ontoclasm_vaults_misaligned, v_misc_9,
          nicolae_vaults_lopsided_apartments, ontoclasm_vaults_bender,
          vaults_room_semicircle, grunt_vaults_twisty, v_alt_pattern_1,
          grunt_vaults_swirl, ontoclasm_vaults_tryst,
          nicolae_vaults_network_quinsquares
          [nicolae_vaults_network_quincunx_subvault,
          nicolae_vaults_network_quincunx_subvault,
          nicolae_vaults_network_quincunx_subvault,
          nicolae_vaults_network_quincunx_subvault], v_alt_pattern_2,
          v_pattern_5, layout_vaults_omnibox, uniq_jory
Vaults:4: nicolae_vaults_theta, ontoclasm_vaults_shuriken, grunt_vaults_funnel,
          vaults_room_door_ring, nicolae_vaults_network_periphery, v_misc_24,
          nicolae_vaults_network_quincunx
          [nicolae_vaults_network_quincunx_subvault,
          nicolae_vaults_network_quincunx_subvault,
          nicolae_vaults_network_quincunx_subvault,
          nicolae_vaults_network_quincunx_subvault,
          nicolae_vaults_network_quincunx_subvault],
          hellmonk_guarded_unrand_gong, v_alt_pattern_4, v_misc_32,
          v_alt_pattern_4, ontoclasm_vaults_spin, ontoclasm_vaults_pinch,
          v_rooms_5, ontoclasm_vaults_misaligned, vaults_room_stairs_pillars,
          layout_vaults_maze, uniq_aizul, uniq_saint_roka
Depths:1: layout_basic, glass_columns_b, hell_entry, nicolae_uskayaw_en_pointe,
          serial_bayou_shore_b, roderic_lattice_octagonal_star
Depths:2: minmay_gate_of_8, layout_cave_shapes, enter_ziggurat_e,
          minmay_staircase_windowed_large, pan_entry,
          nicolae_abyss_entry_one_way_or_another, grunt_hell_entry_dis_grunt,
          serial_bayou_shore_a, grunt_megastairs_3, uniq_enchantress
Depths:3: nicolae_cairo_tiling_large, layout_basic, abyss_entry, serial_shops,
          shop, nicolae_shop_stone, serial_glass, glass_columns_a,
          glass_columns_c, glass_columns_a, glass_columns_a, glass_columns_a,
          glass_columns_a, item_on_display_b, item_on_display_a,
          item_on_display_a, hell_entry
Depths:4: grunt_crosshair, layout_cave_shapes, grunt_hell_horde,
          minmay_misc_feat_plants, rand_demon_pan_entry_9, minmay_shoptagon,
          uniq_boris, uniq_josephina

Skill      XL: |  1  2  3  4  5  6  7  8  9 10 11 12 13 14 15 16 17 18 19 20 21 22 |
---------------+-------------------------------------------------------------------+-----
Maces & Flails | 3 |  3.8
Polearms       | 1 2 3 5 6 9 11 12 14 | 14.0
Armour         | 2 3 4 6 7 8 9 10 11 12 13 14 15 16 17 18 | 18.0
Shields        | 1 2 3 4 5 6 8 10 | 10.5
Fighting       | 3 5 7 9 10 11 12 13 14 15 16 17 18 | 18.5
Evocations     | 2 6 8 9 11 12 13 14 | 14.1
Dodging        | 4 6 8 9 11 12 13 14 15 | 15.1

Action                   |  1- 3 |  4- 6 |  7- 9 | 10-12 | 13-15 | 16-18 | 19-21 | 22-24 || total
-------------------------+-------+-------+-------+-------+-------+-------+-------+-------++-------
Melee: Mace              |    45 |       |       |       |       |       |       |       ||    45
       Bite              |    10 |    12 |    51 |   194 |   424 |   613 |   849 |   305 ||  2458
       Punch             |     1 |       |       |       |       |       |       |       ||     1
       Trident           |    12 |    63 |   248 |   599 |  1270 |  1238 |       |       ||  3430
       Demon trident     |       |       |       |       |       |   765 |  1886 |   670 ||  3321
Throw: Dart              |       |       |     1 |       |     6 |    26 |       |     1 ||    34
       Boomerang         |       |       |       |       |    13 |       |       |       ||    13
Invok: Berserk           |     1 |       |     1 |     6 |    12 |    19 |     5 |     3 ||    47
       Trog's Hand       |       |       |       |     5 |    11 |    17 |    10 |     6 ||    49
       Brothers in Arms  |       |       |       |       |       |     5 |     5 |     4 ||    14
Evoke: Wand              |       |       |     5 |     4 |     2 |     3 |     1 |     1 ||    16
       Box of beasts     |       |       |       |       |       |     1 |       |       ||     1
  Use: Scroll            |       |       |     2 |    15 |    12 |    12 |     4 |     1 ||    46
       Potion            |       |       |       |     2 |     2 |     1 |       |     1 ||     6
 Stab: Invisible         |       |       |       |       |     6 |       |       |       ||     6
       Distracted        |       |       |       |       |       |       |     1 |     2 ||     3
Armor: Animal skin       |    10 |       |       |       |       |       |       |       ||    10
       Plate armour      |     2 |    18 |    89 |   275 |   428 |   779 |   559 |   196 ||  2346
       Skin              |       |       |       |    24 |       |       |       |       ||    24
Dodge: Dodged            |    25 |    11 |    59 |   168 |   278 |   688 |   625 |   221 ||  2075
Block: Buckler           |     1 |     9 |    43 |   167 |   249 |   574 |   231 |       ||  1274
       Reflection        |       |       |       |       |       |    11 |    17 |       ||    28
       Kite shield       |       |       |       |       |       |       |   350 |   185 ||   535
       Tower shield      |       |       |       |       |       |       |       |   173 ||   173
